 Dungeon Crawl Stone Soup version 0.25.1-2-g60ff931df9 (webtiles) character file.

Game seed: 13735625599077495047

1143 raphialitos the Conjurer (level 8, -10/62 HPs)
             Began as a Yellow Draconian Conjurer on Oct 14, 2020.
             Was an Initiate of Sif Muna.
             Mangled by an orc warrior
             ... wielding a +0 glaive
              (22 damage)
             ... on level 6 of the Dungeon.
             The game lasted 00:20:17 (5519 turns).

raphialitos the Conjurer (DrCj)                     Turns: 5519, Time: 00:20:18

Health: -10/62     AC:  9    Str: 12    XL:     8   Next: 15%
Magic:  18/23      EV: 14    Int: 19    God:    Sif Muna [......]
Gold:   251        SH:  0    Dex: 17    Spells: 1/15 levels left

rFire    . . .     SeeInvis .   x - +1 great sword of the Manifold Demons {drain, Int+2}
rCold    . . .     Gourm    .   (shield currently unavailable)
rNeg     . . .     Faith    .   (armour unavailable)
rPois    .         Spirit   .   (helmet restricted)
rElec    .         Reflect  .   g - +2 cloak
rCorr    +         Harm     .   (no gloves)
MR       .....                  (no boots)
Stlth    +++.......             (no amulet)
HPRegen  0.20/turn              a - +6 ring of dexterity
MPRegen  0.18/turn              y - ring of magical power

@: no status effects
A: spit acid, unfitting armour, cold-blooded, acid resistance, AC +6
a: Breathe Acid, Renounce Religion


You were on level 6 of the Dungeon.
You worshipped Sif Muna.
Sif Muna was noncommittal.
You were very hungry.

You visited 2 branches of the dungeon, and saw 7 of its levels.

You collected 251 gold pieces.

Inventory:

Hand Weapons
 p - a +0 short sword of speed
 w - a +3 dagger
 x - the +1 great sword of the Manifold Demons (weapon) {drain, Int+2}
   (You found it on level 6 of the Dungeon)

   A truly terrible weapon, it drains the life of those it strikes.
   It affects your intelligence (+2).
Missiles
 l - 60 bolts
 o - 38 arrows
 r - 8 sling bullets
 t - 4 javelins (quivered)
Armour
 g - a +2 cloak (worn)
Jewellery
 a - a +6 ring of dexterity (left hand)
 q - an uncursed ring of positive energy
 y - a ring of magical power (right hand)
Wands
 k - a wand of acid (9)
Scrolls
 n - a scroll of magic mapping
 s - a scroll of blinking
 u - 4 scrolls of remove curse
 v - a scroll of amnesia
Potions
 c - a potion of curing
 e - 2 potions of stabbing
 f - 2 potions of haste
 h - a potion of mutation {unknown}
 j - a potion of ambrosia {unknown}
 m - 2 potions of lignification
Comestibles
 b - 8 rations


   Skills:
 + Level 2.6 Fighting
 + Level 4.7(4.8) Short Blades
 + Level 0.8(3.0) Long Blades
   Level 1.3 Maces & Flails
 + Level 3.5 Dodging
 + Level 3.7 Stealth
 + Level 4.1 Spellcasting
 + Level 5.6 Conjurations
 + Level 0.3 Hexes


You had one spell level left.
You knew the following spells:

 Your Spells              Type           Power        Failure   Level  Hunger
a - Magic Dart            Conj           ####         1%          1    None
b - Searing Ray           Conj           ####..       1%          2    ##.....
c - Dazzling Flash        Conj/Hex       ###...       12%         3    ###....
d - Fulminant Prism       Conj/Hex       ###.......   36%         4    ####...
e - Iskenderun's Mystic   Conj/Tloc      ##......     38%         4    ####...

Your spell library contained the following spells:

 Spells                   Type           Power        Failure   Level  Hunger


Dungeon Overview and Level Annotations

Branches:
Dungeon (6/15)             Temple (1/1) D:5

Altars:
Ashenzari
Cheibriados
Dithmenos
Elyvilon
Fedhas
Gozag
Hepliaklqana
Kikubaaqudgha
Makhleb
Okawaru
Ru
Sif Muna
Trog
Uskayaw
Vehumet
Xom
Zin
The Shining One


Innate Abilities, Weirdness & Mutations

You can spit globs of acid.
Your golden yellow scales are hard. (AC +6)
You cannot fit into any form of body armour.
You are cold-blooded and may be slowed by cold attacks.
You are resistant to acid. (rCorr)


Message History

The orc wizard casts a spell at you. The puff of flame hits you!
The searing ray hits the orc warrior.
The orc warrior is moderately wounded.
The orc priest hits you but does no damage.
The orc wizard casts a spell at you. The magic dart hits you!
The orc warrior hits you with a +0 glaive!!
* * * LOW HITPOINT WARNING * * *
You feel better. The orc wizard casts a spell at you.
The puff of flame hits you.
* * * LOW HITPOINT WARNING * * *
The orc priest closely misses you.
The orc wizard hits you but does no damage.
You completely miss the orc priest.
The orc priest is moderately wounded.
The orc wizard barely misses you.
The orc warrior hits you with a +0 glaive!!
You die...

..###.# ......#
.###. #. ......#
#####.#.%# #.
[.....#
........##.#
.....## #...#
..#.. .>...# #...#
....## ...#.##
#[..# #..).
.###..# #...# #oo#
.# ##.####...###@#
.## #..#........o#
..####.....##....#
.....#.....####..#
......####..#
#....# .####.#
##..#..##...# ##
#.# ....## #.## #
##.# ###...## .#
####..##......# .


You could see an orc warrior, an orc priest and an orc wizard (fast, drained).

Vanquished Creatures
  2 phantoms
  An ogre (D:4)
  A water moccasin skeleton (D:6)
  4 orc wizards (D:5)
  A bullfrog skeleton (D:4)
  4 orc priests
  4 hounds
  An iguana (D:5)
  Natasha (D:3)
  6 worker ants
  A hound skeleton (D:5)
  11 adders
  4 gnolls (D:5)
  An ooze (D:5)
  An adder zombie (D:5)
  2 adder skeletons
  2 worms (D:4)
  2 dart slugs (D:2)
  6 leopard geckos
  12 orcs
  3 bats
  8 giant cockroaches
  8 goblins
  3 hobgoblins
  4 jackals
  4 quokkas
  A ball python (D:2)
  2 frilled lizards
  A jackal skeleton (D:4)
  A jackal zombie (D:5)
  6 kobolds
  A quokka skeleton (D:5)
  A rat (D:2)
110 creatures vanquished.

Vanquished Creatures (others)
  A fulminant prism (D:6)
1 creature vanquished.

Grand Total: 111 creatures vanquished

Notes
Turn   | Place    | Note
-------+----------+-------------------------------------------
     0 | D:1      | raphialitos the Draconian Conjurer began the quest for the
                  | Orb.
     0 | D:1      | Reached XP level 1. HP: 14/14 MP: 3/3
   196 | D:1      | Reached XP level 2. HP: 20/20 MP: 1/5
   313 | D:1      | Learned a level 2 spell: Searing Ray
   814 | D:2      | Reached XP level 3. HP: 23/26 MP: 3/6
  1037 | D:2      | Reached skill level 1 in Short Blades
  1071 | D:2      | Learned a level 3 spell: Dazzling Flash
  1368 | D:2      | Reached skill level 1 in Maces & Flails
  1368 | D:2      | Reached XP level 4. HP: 31/33 MP: 0/7
  2017 | D:3      | Noticed Natasha
  2030 | D:3      | Killed Natasha
  2118 | D:3      | Reached XP level 5. HP: 35/39 MP: 8/8
  2223 | D:3      | Reached skill level 1 in Fighting
  2268 | D:3      | You fall into a shaft and drop 1 floor!
  2793 | D:4      | Found a hazy altar of Hepliaklqana.
  2897 | D:4      | Noticed an ogre
  2911 | D:4      | Killed an ogre
  2911 | D:4      | Reached XP level 6. HP: 14/47 MP: 4/9
  3660 | D:5      | Entered Level 5 of the Dungeon
  3695 | D:5      | Reached skill level 5 in Conjurations
  3695 | D:5      | Your scales start taking on a golden yellow colour.
  3695 | D:5      | Reached XP level 7. HP: 54/55 MP: 1/11
  3695 | D:5      | Gained mutation: You are resistant to acid. (rCorr) [Yellow
                  | Draconian growth]
  4143 | D:5      | Learned a level 4 spell: Fulminant Prism
  4578 | D:5      | Found a staircase to the Ecumenical Temple.
  4588 | D:5      | Found an ancient bone altar of Kikubaaqudgha.
  4875 | D:6      | Got a fine great sword
  4875 | D:6      | Identified the +1 great sword of the Manifold Demons
                  | {drain, Int+2} (You found it on level 6 of the Dungeon)
  4891 | D:6      | Reached XP level 8. HP: 42/62 MP: 9/13
  4994 | D:6      | Learned a level 4 spell: Iskenderun's Mystic Blast
  5277 | Temple   | Entered the Ecumenical Temple
  5397 | Temple   | Became a worshipper of Sif Muna the Loreminder
  5519 | D:6      | Mangled by an orc warrior

Illustrated notes

Levels and vault maps discovered:
D:1:      mushboom_english_gardens, layout_rooms, chequers_mini_garden
D:2:      layout_basic, minmay_pentomino_q2
D:3:      layout_basic, first_ration, uniq_natasha
D:4:      layout_gridville, lemuel_doored_altar, nrook_campfire,
          dk_noncrumbling_4
D:5:      layout_basic, marbit_many_paths, minmay_temple_entry_slanted,
          nrook_pool_corridor, grunt_ministairs_2
D:6:      layout_layer_cave, gammafunk_ghost_necromancy, uniq_pikel
Temple:   eino_temple_rhombus

Skill      XL: |  1  2  3  4  5  6  7  8 |
---------------+-------------------------+-----
Dodging        | 2 3 |  3.5
Stealth        | 2 3 |  3.7
Short Blades   | 1 2 3 4 |  4.7
Maces & Flails | 1 |  1.3
Fighting       | 1 2 |  2.6
Spellcasting   | 3 4 |  4.1
Conjurations   | 5 |  5.6
Long Blades    | |  0.8
Hexes          | |  0.3

Action                   |  1- 3 |  4- 6 |  7- 9 || total
-------------------------+-------+-------+-------++-------
Melee: Unarmed           |     5 |       |       ||     5
       Mace              |    16 |       |       ||    16
       Tailslap          |     4 |     4 |     7 ||    15
       Short sword       |    45 |    76 |    23 ||   144
       Dagger            |       |       |    18 ||    18
       Great sword       |       |       |    14 ||    14
 Cast: Magic Dart        |    31 |    28 |    16 ||    75
       Searing Ray       |     5 |    15 |    17 ||    37
       Dazzling Flash    |     1 |     1 |       ||     2
       Fulminant Prism   |       |       |     1 ||     1
 Abil: Breathe Acid      |       |       |     1 ||     1
  Use: Scroll            |     5 |     9 |       ||    14
       Potion            |       |       |     1 ||     1
 Stab: Sleeping          |     2 |     3 |     2 ||     7
  Eat: Chunk             |     2 |     8 |     7 ||    17
Armor: Skin              |    21 |    14 |    23 ||    58
Dodge: Dodged            |    56 |    40 |    47 ||   143
       Rpst.: Great sword |       |       |     8 ||     8
